| TOP OF THE 1ST |
|
Wisconsin Rapids Timber Rattlers batting - Pitching for Decatur Commodores : LHP Mitch Williams
|
|
Pitching: LHP Mitch Williams
|
|
|
Batting: RHB Jim Presley
|
0-0: Called Strike 0-1: Fly out, F8 (Flyball, 8LS, EV 76.3 MPH)
|
|
Batting: SHB Jose Uribe
|
0-0: Foul Ball, location: 2F 0-1: Ball 1-1: Ball 2-1: Ball 3-1: Fly out, F9 (Flyball, 89D, EV 91.3 MPH)
|
|
Batting: LHB Dion James
|
0-0: Foul Ball, location: 2F 0-1: Foul Ball, location: 2F 0-2: Ball 1-2: Strikes out swinging
|
| Top of the 1st over - 0 runs, 0 hits, 0 errors, 0 left on base; Wisconsin Rapids 0 - Decatur 0 |
| BOTTOM OF THE 1ST |
|
Decatur Commodores batting - Pitching for Wisconsin Rapids Timber Rattlers : LHP Michael Maack
|
|
Pitching: LHP Michael Maack
|
|
|
Batting: LHB Alexis Marte
|
0-0: Called Strike 0-1: Ball 1-1: Ball 2-1: Fly out, F6 (Popup, 6MS, EV 73.8 MPH)
|
|
Batting: SHB Roger Holt
|
0-0: Ball 1-0: Ball 2-0: Ball 3-0: Called Strike 3-1: Base on Balls
|
|
Batting: SHB Rondin Johnson
|
0-0: DOUBLE (Line Drive, 8LD, EV 104.4 MPH) Roger Holt to third
|
|
Batting: RHB Clifton Wilder
|
0-0: Called Strike 0-1: Ball 1-1: Called Strike 1-2: Foul Ball, location: 2F 1-2: Strikes out swinging
|
|
Batting: SHB Daniel Wieser
|
0-0: Called Strike 0-1: Foul Ball, location: 2F 0-2: Ball 1-2: DOUBLE (Flyball, 8LXD, EV 100.6 MPH) Roger Holt scores Rondin Johnson scores
|
|
Batting: LHB Jerry Miller
|
0-0: Ball 1-0: Called Strike 1-1: Foul Ball, location: 2F 1-2: Fly out, F7 (Flyball, 7, EV 86.9 MPH)
|
| Bottom of the 1st over - 2 runs, 2 hits, 0 errors, 1 left on base; Wisconsin Rapids 0 - Decatur 2 |
| TOP OF THE 2ND |
|
Wisconsin Rapids Timber Rattlers batting - Pitching for Decatur Commodores : LHP Mitch Williams
|
|
Batting: RHB Darryl Motley
|
0-0: Foul Ball, location: 2F 0-1: Fly out, F9 (Flyball, 9S, EV 90.6 MPH)
|
|
Batting: LHB Greg Smith
|
0-0: Called Strike 0-1: Ball 1-1: Foul Ball, location: 2F 1-2: Strikes out swinging
|
|
Batting: RHB Al Pedrique
|
0-0: Foul Ball, location: 2F 0-1: Ground out 6-3 (Groundball, 6, EV 103.1 MPH)
|
| Top of the 2nd over - 0 runs, 0 hits, 0 errors, 0 left on base; Wisconsin Rapids 0 - Decatur 2 |
| BOTTOM OF THE 2ND |
|
Decatur Commodores batting - Pitching for Wisconsin Rapids Timber Rattlers : LHP Michael Maack
|
|
Batting: RHB Rex Farrior
|
0-0: Called Strike 0-1: Foul Ball, location: 2F 0-2: Ground out 6-3 (Groundball, 6, EV 82.5 MPH)
|
|
Batting: LHB Samuel Taves
|
0-0: Ball 1-0: Ball 2-0: Ball 3-0: Base on Balls
|
|
Batting: RHB Rafael Sanchez
|
0-0: Foul Ball, location: 2F 0-1: TRIPLE (Flyball, 89XD, EV 96.3 MPH) Samuel Taves scores
|
|
Batting: LHB Alexis Marte
|
0-0: Ball 1-0: Ground out U3 (Groundball, 3L, EV 81.9 MPH)
|
|
Batting: SHB Roger Holt
|
0-0: Fly out, F8 (Line Drive, 8LD, EV 96.3 MPH)
|
| Bottom of the 2nd over - 1 run, 1 hit, 0 errors, 1 left on base; Wisconsin Rapids 0 - Decatur 3 |
| TOP OF THE 3RD |
|
Wisconsin Rapids Timber Rattlers batting - Pitching for Decatur Commodores : LHP Mitch Williams
|
|
Batting: LHB Matt Hall
|
0-0: Ball 1-0: Foul Ball, location: 2F 1-1: Ball 2-1: SINGLE (Line Drive, 34D, EV 93.8 MPH)
|
|
Batting: RHB Phil Lombardi
|
0-0: Called Strike 0-1: Ball 1-1: Ball 2-1: Fly out, F7 (Flyball, 78D, EV 88.1 MPH)
|
|
Batting: LHB Jimmy Hickman
|
0-0: Ball 1-0: Swinging Strike 1-1: Called Strike 1-2: Strikes out swinging
|
|
Batting: RHB Jim Presley
|
0-0: Ball 1-0: Foul Ball, location: 2F 1-1: Ball 2-1: Ground out 6-3 (Groundball, 6S, EV 70.0 MPH)
|
| Top of the 3rd over - 0 runs, 1 hit, 0 errors, 1 left on base; Wisconsin Rapids 0 - Decatur 3 |
| BOTTOM OF THE 3RD |
|
Decatur Commodores batting - Pitching for Wisconsin Rapids Timber Rattlers : LHP Michael Maack
|
|
Batting: SHB Rondin Johnson
|
0-0: Ball 1-0: Foul Ball, location: 2F 1-1: Ball 2-1: Ball 3-1: Swinging Strike 3-2: Strikes out looking
|
|
Batting: RHB Clifton Wilder
|
0-0: Foul Ball, location: 2F 0-1: Foul Ball, location: 2F 0-2: Ground out U3 (Groundball, 34S, EV 85.0 MPH)
|
|
Batting: SHB Daniel Wieser
|
0-0: Called Strike 0-1: Ball 1-1: Swinging Strike 1-2: Ball 2-2: Ground out 6-3 (Groundball, 6, EV 106.3 MPH)
|
| Bottom of the 3rd over - 0 runs, 0 hits, 0 errors, 0 left on base; Wisconsin Rapids 0 - Decatur 3 |
| TOP OF THE 4TH |
|
Wisconsin Rapids Timber Rattlers batting - Pitching for Decatur Commodores : LHP Mitch Williams
|
|
Batting: SHB Jose Uribe
|
0-0: Ball 1-0: Called Strike 1-1: Foul Ball, location: 2F 1-2: Ball 2-2: Foul Ball, location: 2F 2-2: Ball 3-2: Base on Balls
|
|
Batting: LHB Dion James
|
0-0: Ball 1-0: Ball Jose Uribe is caught stealing 2nd base 2-6 2-0: Called Strike 2-1: Ball 3-1: Base on Balls
|
|
Batting: RHB Darryl Motley
|
0-0: Ball 1-0: Fielders Choice at 2nd, 5-4 (Groundball, 56, EV 88.8 MPH)
|
|
Batting: LHB Greg Smith
|
0-0: Ball 1-0: Called Strike 1-1: Ball 2-1: SINGLE (Line Drive, 7S, EV 106.3 MPH) Darryl Motley to second
|
|
Batting: RHB Al Pedrique
|
0-0: SINGLE (Line Drive, 8RS, EV 97.5 MPH) Darryl Motley to third Greg Smith to second Runner from 3rd tries for Home, SAFE, throw by CF to home
|
|
Batting: LHB Matt Hall
|
0-0: Ball 1-0: Swinging Strike 1-1: Swinging Strike 1-2: Foul Ball, location: 2F 1-2: Ball 2-2: Ball 3-2: Base on Balls Greg Smith to third Al Pedrique to second
|
|
Batting: RHB Phil Lombardi
|
0-0: Ball 1-0: Ball 2-0: Called Strike 2-1: Ball 3-1: Ground out 5-3 (Groundball, 56S, EV 88.1 MPH)
|
| Top of the 4th over - 1 run, 2 hits, 0 errors, 3 left on base; Wisconsin Rapids 1 - Decatur 3 |
| BOTTOM OF THE 4TH |
|
Decatur Commodores batting - Pitching for Wisconsin Rapids Timber Rattlers : LHP Michael Maack
|
|
Batting: LHB Jerry Miller
|
0-0: Ball 1-0: Ball 2-0: SINGLE (Groundball, 5L, EV 105.0 MPH)
|
|
Batting: RHB Rex Farrior
|
0-0: Called Strike 0-1: Ball 1-1: Ball 2-1: Ball 3-1: Called Strike 3-2: Base on Balls Jerry Miller to second
|
|
Batting: LHB Samuel Taves
|
0-0: Foul Ball, location: 2F 0-1: Foul Ball, location: 2F 0-2: Foul Ball, location: 2F 0-2: Ball 1-2: Ball 2-2: Foul Ball, location: 2F 2-2: SINGLE (Line Drive, 9S, EV 101.3 MPH) Jerry Miller to third Rex Farrior to second
|
|
Batting: RHB Rafael Sanchez
|
0-0: Called Strike 0-1: Ball 1-1: Ball 2-1: Foul Ball, location: 2F 2-2: Fly out, F9 (Flyball, 89D, EV 95.6 MPH) Runner from 3rd tags up, SCORES, throw by RF Rex Farrior to third
|
|
Batting: LHB Alexis Marte
|
0-0: Ball 1-0: Swinging Strike 1-1: Ball 2-1: Foul Ball, location: 2F 2-2: Ball 3-2: Base on Balls Samuel Taves to second
|
|
Batting: SHB Roger Holt
|
0-0: Foul Ball, location: 2F 0-1: Ball 1-1: Foul Ball, location: 2F 1-2: Ball Wild Pitch! Rex Farrior scores Samuel Taves to third Alexis Marte to second 2-2: Fly out, F7 (Flyball, 7S, EV 81.3 MPH)
|
|
Batting: SHB Rondin Johnson
|
0-0: Foul Ball, location: 2F 0-1: Ground out 4-3 (Groundball, 4, EV 85.0 MPH)
|
| Bottom of the 4th over - 2 runs, 2 hits, 0 errors, 2 left on base; Wisconsin Rapids 1 - Decatur 5 |
| TOP OF THE 5TH |
|
Wisconsin Rapids Timber Rattlers batting - Pitching for Decatur Commodores : LHP Mitch Williams
|
|
Batting: LHB Jimmy Hickman
|
0-0: Ball 1-0: Ball 2-0: Ground out 5-3 (Groundball, 5L, EV 83.1 MPH)
|
|
Batting: RHB Jim Presley
|
0-0: Ball 1-0: Ball 2-0: DOUBLE (Line Drive, 5D, EV 105.0 MPH)
|
|
Batting: SHB Jose Uribe
|
0-0: Foul Ball, location: 2F 0-1: Swinging Strike 0-2: Ball 1-2: Ball 2-2: Ground out 6-3 (Groundball, 6, EV 88.8 MPH) Jim Presley to third
|
|
Batting: LHB Dion James
|
0-0: Called Strike 0-1: Ball 1-1: Called Strike 1-2: Ground out 6-3 (Groundball, 6, EV 106.3 MPH)
|
| Top of the 5th over - 0 runs, 1 hit, 0 errors, 1 left on base; Wisconsin Rapids 1 - Decatur 5 |
| BOTTOM OF THE 5TH |
|
Decatur Commodores batting - Pitching for Wisconsin Rapids Timber Rattlers : LHP Michael Maack
|
|
Batting: RHB Clifton Wilder
|
0-0: Ball 1-0: Ball 2-0: Called Strike 2-1: Fly out, F9 (Flyball, 89M, EV 95.6 MPH)
|
|
Batting: SHB Daniel Wieser
|
0-0: Ball 1-0: Ball 2-0: Ball 3-0: Called Strike 3-1: Fly out, F9 (Flyball, 9D, EV 101.9 MPH)
|
|
Batting: LHB Jerry Miller
|
0-0: Ball 1-0: Called Strike 1-1: Ball 2-1: Swinging Strike 2-2: Ground out 4-3 (Groundball, 4S, EV 83.8 MPH)
|
| Bottom of the 5th over - 0 runs, 0 hits, 0 errors, 0 left on base; Wisconsin Rapids 1 - Decatur 5 |
| TOP OF THE 6TH |
|
Wisconsin Rapids Timber Rattlers batting - Pitching for Decatur Commodores : LHP Mitch Williams
|
|
Batting: RHB Darryl Motley
|
0-0: Called Strike 0-1: SINGLE (Line Drive, 7S, EV 93.1 MPH)
|
|
Batting: LHB Greg Smith
|
0-0: Ball 1-0: Called Strike 1-1: Foul Ball, location: 2F 1-2: Foul Ball, location: 2F 1-2: Foul Ball, location: 2F 1-2: Ball 2-2: Ball 3-2: 2-RUN HOME RUN (Flyball, 9D, EV 106.3 MPH), Distance : 365 ft
|
|
Pitching: LHP James Oates
|
|
|
Batting: RHB Al Pedrique
|
0-0: Swinging Strike 0-1: Swinging Strike 0-2: Foul Ball, location: 2F 0-2: Ground out 1-3 (Groundball, 13, EV 74.4 MPH)
|
|
Batting: LHB Matt Hall
|
0-0: Ball 1-0: SINGLE (Line Drive, 78M, EV 106.9 MPH)
|
|
Batting: RHB Phil Lombardi
|
0-0: Ball 1-0: Fly out, F8 (Flyball, 78D, EV 84.4 MPH)
|
|
Batting: LHB Jimmy Hickman
|
0-0: Ball 1-0: Called Strike 1-1: Ball 2-1: Swinging Strike 2-2: Strikes out looking
|
| Top of the 6th over - 2 runs, 3 hits, 0 errors, 1 left on base; Wisconsin Rapids 3 - Decatur 5 |
| BOTTOM OF THE 6TH |
|
Decatur Commodores batting - Pitching for Wisconsin Rapids Timber Rattlers : LHP Michael Maack
|
|
Batting: RHB Rex Farrior
|
0-0: Swinging Strike 0-1: Foul Ball, location: 2F 0-2: Strikes out swinging
|
|
Pitching: RHP Steve Korczyk
|
|
|
Batting: LHB Samuel Taves
|
0-0: Ball 1-0: Swinging Strike 1-1: Called Strike 1-2: Foul Ball, location: 2F 1-2: Foul Ball, location: 2F 1-2: Strikes out looking
|
|
Batting: RHB Rafael Sanchez
|
0-0: Swinging Strike 0-1: Ball 1-1: Swinging Strike 1-2: Ball 2-2: Fly out, F7 (Flyball, 78D, EV 95.0 MPH)
|
| Bottom of the 6th over - 0 runs, 0 hits, 0 errors, 0 left on base; Wisconsin Rapids 3 - Decatur 5 |
| TOP OF THE 7TH |
|
Wisconsin Rapids Timber Rattlers batting - Pitching for Decatur Commodores : LHP James Oates
|
|
Batting: RHB Jim Presley
|
0-0: Ball 1-0: SINGLE (Line Drive, 4D, EV 105.0 MPH)
|
|
Batting: SHB Jose Uribe
|
0-0: Bunted foul 0-1: Bunt missed! 0-2: Ball 1-2: Foul Ball, location: 2F 1-2: Ball 2-2: Ball Jim Presley is caught stealing 2nd base 2-4 3-2: Base on Balls
|
|
Batting: LHB Dion James
|
0-0: Called Strike 0-1: Ball 1-1: Ball 2-1: DOUBLE (Groundball, 3L, EV 111.3 MPH) Jose Uribe to third Runner from 3rd tries for Home, SAFE, throw by RF to home
|
|
Batting: RHB Darryl Motley
|
0-0: Ball 1-0: Ball 2-0: Called Strike 2-1: Foul Ball, location: 2F 2-2: Fly out, F8 (Flyball, 8RD, EV 93.8 MPH)
|
|
Pitching: RHP Ty Hubbard
|
|
|
Batting: LHB Greg Smith
|
0-0: Ball 1-0: Ball 2-0: Ball 3-0: Called Strike 3-1: Base on Balls
|
|
Pinch Hitting: LHB Jeff Kenaga
|
0-0: Foul Ball, location: 2F 0-1: Ball 1-1: Swinging Strike 1-2: Strikes out swinging
|
| Top of the 7th over - 1 run, 2 hits, 0 errors, 2 left on base; Wisconsin Rapids 4 - Decatur 5 |
| BOTTOM OF THE 7TH |
|
Decatur Commodores batting - Pitching for Wisconsin Rapids Timber Rattlers : RHP Steve Korczyk
|
|
Now at 3B: Jeff Kenaga
|
|
|
Batting: LHB Alexis Marte
|
0-0: Ball 1-0: Ball 2-0: Ball 3-0: Called Strike 3-1: Foul Ball, location: 2F 3-2: Strikes out swinging
|
|
Batting: SHB Roger Holt
|
0-0: Fly out, F9 (Flyball, 9S, EV 90.0 MPH)
|
|
Batting: SHB Rondin Johnson
|
0-0: Foul Ball, location: 2F 0-1: Ball 1-1: Fly out, F8 (Flyball, 8RD, EV 87.5 MPH)
|
| Bottom of the 7th over - 0 runs, 0 hits, 0 errors, 0 left on base; Wisconsin Rapids 4 - Decatur 5 |
| TOP OF THE 8TH |
|
Wisconsin Rapids Timber Rattlers batting - Pitching for Decatur Commodores : RHP Ty Hubbard
|
|
Batting: LHB Matt Hall
|
0-0: Ball 1-0: Swinging Strike 1-1: Ground out 6-3 (Groundball, 56, EV 88.1 MPH)
|
|
Batting: RHB Phil Lombardi
|
0-0: Ball 1-0: Called Strike 1-1: Ground out 6-3 (Groundball, 56, EV 76.3 MPH)
|
|
Batting: LHB Jimmy Hickman
|
0-0: Ball 1-0: Ball 2-0: Ball 3-0: Called Strike 3-1: Base on Balls
|
|
Batting: RHB Jim Presley
|
0-0: Fly out, F8 (Flyball, 8LS, EV 89.4 MPH)
|
| Top of the 8th over - 0 runs, 0 hits, 0 errors, 1 left on base; Wisconsin Rapids 4 - Decatur 5 |
| BOTTOM OF THE 8TH |
|
Decatur Commodores batting - Pitching for Wisconsin Rapids Timber Rattlers : RHP Steve Korczyk
|
|
Batting: RHB Clifton Wilder
|
0-0: Ball 1-0: Fly out, F7 (Flyball, 78M, EV 86.9 MPH)
|
|
Batting: SHB Daniel Wieser
|
0-0: Ball 1-0: Ball 2-0: Swinging Strike 2-1: Ball 3-1: Base on Balls
|
|
Batting: LHB Jerry Miller
|
0-0: Called Strike 0-1: Called Strike 0-2: Ball 1-2: Grounds into double play, 6-4-3 (Groundball, 6, EV 100.0 MPH)
|
| Bottom of the 8th over - 0 runs, 0 hits, 0 errors, 0 left on base; Wisconsin Rapids 4 - Decatur 5 |
| TOP OF THE 9TH |
|
Wisconsin Rapids Timber Rattlers batting - Pitching for Decatur Commodores : RHP Ty Hubbard
|
|
Pitching: RHP Luis Guzman
|
|
|
Batting: SHB Jose Uribe
|
0-0: Foul Ball, location: 2F 0-1: Ball 1-1: Ball 2-1: Foul Ball, location: 2F 2-2: Ball 3-2: Base on Balls
|
|
Batting: LHB Dion James
|
0-0: Called Strike 0-1: Ball 1-1: Ball 2-1: DOUBLE (Groundball, 3L, EV 107.5 MPH) Jose Uribe to third Runner from 3rd tries for Home, SAFE, throw by RF to home
|
|
Batting: RHB Darryl Motley
|
0-0: Ball 1-0: Called Strike 1-1: Called Strike 1-2: Ball 2-2: Foul Ball, location: 2F 2-2: Fly out, F8 (Flyball, 8RM, EV 90.6 MPH) Runner from 2nd tags up, SAFE at 3rd with throw by CF
|
|
Batting: LHB Greg Smith
|
0-0: Ball 1-0: Ball 2-0: Ball 3-0: Base on Balls
|
|
Batting: LHB Jeff Kenaga
|
0-0: Swinging Strike 0-1: Ball 1-1: Foul Ball, location: 2F 1-2: Strikes out swinging
|
|
Batting: LHB Matt Hall
|
0-0: Ball 1-0: Called Strike 1-1: Called Strike 1-2: Foul Ball, location: 2F 1-2: Foul Ball, location: 2F 1-2: Strikes out looking
|
| Top of the 9th over - 1 run, 1 hit, 0 errors, 2 left on base; Wisconsin Rapids 5 - Decatur 5 |
| BOTTOM OF THE 9TH |
|
Decatur Commodores batting - Pitching for Wisconsin Rapids Timber Rattlers : RHP Steve Korczyk
|
|
Pitching: LHP Scott Bailes
|
|
|
Batting: RHB Rex Farrior
|
0-0: Foul Ball, location: 2F 0-1: Ground out 6-3 (Groundball, 6, EV 81.3 MPH)
|
|
Pinch Hitting: LHB David Showalter
|
0-0: DOUBLE (Flyball, 89D, EV 96.9 MPH)
|
|
Batting: RHB Rafael Sanchez
|
0-0: Fly out, F7 (Flyball, 78S, EV 76.9 MPH)
|
|
Batting: LHB Alexis Marte
|
0-0: Called Strike 0-1: Swinging Strike 0-2: Foul Ball, location: 2F 0-2: Strikes out swinging
|
| Bottom of the 9th over - 0 runs, 1 hit, 0 errors, 1 left on base; Wisconsin Rapids 5 - Decatur 5 |
| TOP OF THE 10TH |
|
Wisconsin Rapids Timber Rattlers batting - Pitching for Decatur Commodores : RHP Luis Guzman
|
|
Pitching: RHP Luis DeLeon
|
|
|
Now in LF: Donald Johnson
|
|
|
Pinch Hitting: RHB Tim Pyznarski
|
0-0: Called Strike 0-1: Ball 1-1: Foul Ball, location: 2F 1-2: Strikes out swinging
|
|
Batting: LHB Jimmy Hickman
|
0-0: Called Strike 0-1: Ball 1-1: Swinging Strike 1-2: Ball 2-2: Ground out 6-3 (Groundball, 6, EV 81.3 MPH)
|
|
Batting: RHB Jim Presley
|
0-0: Foul Ball, location: 2F 0-1: Ball 1-1: Ball 2-1: Foul Ball, location: 2F 2-2: Ball 3-2: Foul Ball, location: 2F 3-2: Ground out 6-3 (Groundball, 56, EV 89.4 MPH)
|
| Top of the 10th over - 0 runs, 0 hits, 0 errors, 0 left on base; Wisconsin Rapids 5 - Decatur 5 |
| BOTTOM OF THE 10TH |
|
Decatur Commodores batting - Pitching for Wisconsin Rapids Timber Rattlers : LHP Scott Bailes
|
|
Now at C: Mitchell Cipolla
|
|
|
Batting: SHB Roger Holt
|
0-0: Ball 1-0: Called Strike 1-1: Called Strike 1-2: Ball 2-2: Ball 3-2: Foul Ball, location: 2F 3-2: Fly out, F9 (Flyball, 9LM, EV 96.3 MPH)
|
|
Batting: SHB Rondin Johnson
|
0-0: Ball 1-0: Ball 2-0: SINGLE (Groundball, 4MS, EV 68.8 MPH) (infield hit)
|
|
Batting: RHB Clifton Wilder
|
0-0: Ball 1-0: Called Strike 1-1: Called Strike 1-2: Ball 2-2: Fly out, F7 (Flyball, 7, EV 91.3 MPH)
|
|
Batting: SHB Daniel Wieser
|
0-0: Ball 1-0: Ball 2-0: Foul Ball, location: 2F 2-1: Ball 3-1: Swinging Strike 3-2: Strikes out swinging
|
| Bottom of the 10th over - 0 runs, 1 hit, 0 errors, 1 left on base; Wisconsin Rapids 5 - Decatur 5 |
| TOP OF THE 11TH |
|
Wisconsin Rapids Timber Rattlers batting - Pitching for Decatur Commodores : RHP Luis DeLeon
|
|
Batting: SHB Jose Uribe
|
0-0: Called Strike 0-1: Ball 1-1: Ball 2-1: Ground out 1-3 (Groundball, 13S, EV 66.3 MPH)
|
|
Batting: LHB Dion James
|
0-0: Ball 1-0: Fly out, F8 (Line Drive, 8LD, EV 91.3 MPH)
|
|
Batting: RHB Darryl Motley
|
0-0: Ball 1-0: Ball 2-0: Swinging Strike 2-1: Foul Ball, location: 2F 2-2: Foul Ball, location: 2F 2-2: Strikes out swinging
|
| Top of the 11th over - 0 runs, 0 hits, 0 errors, 0 left on base; Wisconsin Rapids 5 - Decatur 5 |
| BOTTOM OF THE 11TH |
|
Decatur Commodores batting - Pitching for Wisconsin Rapids Timber Rattlers : LHP Scott Bailes
|
|
Batting: LHB Jerry Miller
|
0-0: Called Strike 0-1: Fly out, F8 (Line Drive, 8LM, EV 92.5 MPH)
|
|
Batting: RHB Rex Farrior
|
0-0: Ball 1-0: Ball 2-0: Foul Ball, location: 2F 2-1: Ball 3-1: Called Strike 3-2: Foul Ball, location: 2F 3-2: Base on Balls
|
|
Pinch Hitting: RHB Michael Melton
|
0-0: Ball 1-0: Ball 2-0: Ball 3-0: Base on Balls Rex Farrior to second
|
|
Batting: RHB Rafael Sanchez
|
0-0: Called Strike 0-1: Grounds into double play, 6-4-3 (Groundball, 6, EV 83.1 MPH)
|
| Bottom of the 11th over - 0 runs, 0 hits, 0 errors, 1 left on base; Wisconsin Rapids 5 - Decatur 5 |
| TOP OF THE 12TH |
|
Wisconsin Rapids Timber Rattlers batting - Pitching for Decatur Commodores : RHP Luis DeLeon
|
|
Now in LF: William Kelley
|
|
|
Batting: LHB Greg Smith
|
0-0: Ground out U3 (Groundball, 23, EV 80.0 MPH)
|
|
Batting: LHB Jeff Kenaga
|
0-0: Ball 1-0: Foul Ball, location: 2F 1-1: Ground out U3 (Groundball, 3, EV 83.8 MPH)
|
|
Batting: LHB Matt Hall
|
0-0: Called Strike 0-1: Ball 1-1: Ground out 6-3 (Groundball, 56D, EV 100.6 MPH)
|
| Top of the 12th over - 0 runs, 0 hits, 0 errors, 0 left on base; Wisconsin Rapids 5 - Decatur 5 |
| BOTTOM OF THE 12TH |
|
Decatur Commodores batting - Pitching for Wisconsin Rapids Timber Rattlers : LHP Scott Bailes
|
|
Pitching: RHP Mark Williamson
|
|
|
Batting: LHB Alexis Marte
|
0-0: Ball 1-0: Called Strike 1-1: SINGLE (Groundball, 56, EV 98.8 MPH)
|
|
Batting: SHB Roger Holt
|
0-0: Bunt missed! 0-1: Sac Bunt to 23 - play at first, batter OUT! 3-4 Alexis Marte to second
|
|
Batting: SHB Rondin Johnson
|
0-0: Intentional Walk
|
|
Batting: RHB Clifton Wilder
|
0-0: Ball 1-0: Called Strike 1-1: Called Strike 1-2: Fly out, F8 (Flyball, 8LM, EV 85.6 MPH) Runner from 2nd tags up, SAFE at 3rd with throw by CF
|
|
Batting: SHB Daniel Wieser
|
0-0: Ball 1-0: Foul Ball, location: 2F 1-1: SINGLE (Groundball, 6D, EV 108.1 MPH) Alexis Marte scores
|
| Bottom of the 12th over - 1 run, 2 hits, 0 errors, 0 left on base; Wisconsin Rapids 5 - Decatur 6 |
|